Workbook
Name \0: #REF!
Name \0: #REF!
Name \0: #REF!
Name \0: #REF!
Name \0: #REF!
Name \00: #REF!
Name \00: #REF!
Name \00: #REF!
Name \00: #REF!
Name \00: #REF!
Name \a: #REF!
Name \a: #REF!
Name \a: #REF!
Name \a: #REF!
Name \a: #REF!
Name \a: #REF!
Name \AA: [1]LIQUIDACION!#REF!
Name \AA: [1]LIQUIDACION!#REF!
Name \AA: [1]LIQUIDACION!#REF!
Name \AA: [1]LIQUIDACION!#REF!
Name \AA: [1]LIQUIDACION!#REF!
Name \b: [2]STRSUMM0!#REF!
Name \b: [2]STRSUMM0!#REF!
Name \b: [2]STRSUMM0!#REF!
Name \b: [2]STRSUMM0!#REF!
Name \b: [2]STRSUMM0!#REF!
Name \bb: [2]STRSUMM0!#REF!
Name \bb: [2]STRSUMM0!#REF!
Name \bb: [2]STRSUMM0!#REF!
Name \bb: [2]STRSUMM0!#REF!
Name \bb: [2]STRSUMM0!#REF!
Name \E: #REF!
Name \E: #REF!
Name \E: #REF!
Name \E: #REF!
Name \E: #REF!
Name \EE: #REF!
Name \EE: #REF!
Name \EE: #REF!
Name \EE: #REF!
Name \EE: #REF!
Name \G: #REF!
Name \G: #REF!
Name \G: #REF!
Name \G: #REF!
Name \G: #REF!
Name \k: '[3]7422CW00'!#REF!
Name \k: '[3]7422CW00'!#REF!
Name \k: '[3]7422CW00'!#REF!
Name \k: '[3]7422CW00'!#REF!
Name \k: '[3]7422CW00'!#REF!
Name \l: [4]STRSUMM0!#REF!
Name \l: [4]STRSUMM0!#REF!
Name \l: [4]STRSUMM0!#REF!
Name \l: [4]STRSUMM0!#REF!
Name \l: [4]STRSUMM0!#REF!
Name \M: #REF!
Name \M: #REF!
Name \M: #REF!
Name \M: #REF!

Sheet PRESUPUESTO
C3: Código | D3: CCE-EICP-FM-14 | E3: Versión | F3: 2
C4: FORMULARIO 1
C5: PRESUPUESTO OFICIAL
C6: [Las Entidades Estatales deben usar el presente formulario para determinar el Presupuesto Oficial del Proceso de Contratación y solo pueden modificar o ajustar aquello que en este se permite expresamente] [El presente formulario aplica para los procesos de contratación que tengan como forma de pago precios unitarios. Tratándose de otras modalidades de precio, la Entidad debe ajustarlo cuando corresponde a: precio global, llave en mano, administración delegada, reembolso de gastos o cualquier otra forma de precio.]
C8: Adicionalmente, cuando el proceso de contratación es estructurado por precios unitarios, la Entidad debe aplicar las notas 1, 2 y 3 del presente formulario y las casillas de "Descripción", "Porcentaje" de la Administración, Imprevisto, Utilidad y total A.I.U. resaltadas en color amarillo. Tratándose de otras modalidades de precio, la Entidad puede o no configurar los mismos aspectos.
C9: “CONSTRUCCIÓN DEL PAVIMENTO EN CONCRETO RÍGIDO DE LA VÍA UBICADA EN: CALLE 48F ENTRE CARRERAS 1F y 1I Y LA VIA UBICADA EN LA CALLE 48F1 ENTRE CARRERAS 1F Y 1J, BARRIO SAN SEBASTIÁN EN LA CIUDAD DE MANIZALES, EN CUMPLIMIENTO DE LA SENTENCIA 60/2020 DE LA ACCIÓN POPULAR CON RADICADO 17001-33-39-006-2019-00255-00.”
D10: ITEM DE PAGO | E10: ESPECIFICACIONES | G10: DESCRIPCION | H10: UND. | I10: CANTIDAD | J10: VALOR UNITARIO | K10: VALOR TOTAL
E11: GENERAL | F11: PARTICULAR
C12: PRELIMINARES
C13: 1 | D13: 1,085 | G13: LOCALIZACION Y REPLANTEO DE VIAS (incluye eje de via y laterales con andenes) | H13: ML | I13: 183.2 | J13: =+APU!J44 -> 4516 | K13: =ROUND(J13*I13,0) -> 827331
C14: 2 | D14: 1.046 | G14: SUMINISTRO, TRANSPORTE E INSTALACION CAMPAMENTO PROVISIONAL | H14: M2 | I14: 30 | J14: =+APU!J6 -> 175936 | K14: =ROUND(J14*I14,0) -> 5278080
C15: 3 | D15: 1.05 | G15: INSTALACION PROVISIONAL DE ACUEDUCTO | H15: UND | I15: 1 | J15: =+APU!J17 -> 85902 | K15: =ROUND(J15*I15,0) -> 85902
C16: 4 | D16: 1.051 | G16: INSTALACION PROVISIONAL DE ENERGIA | H16: UND | I16: 1 | J16: =+APU!J21 -> 76356 | K16: =ROUND(J16*I16,0) -> 76356
C17: 5 | D17: 1.052 | G17: SUMINISTRO, TRANSPORTE E INSTALACION VALLA INFORMATIVA GENERAL DEL PROYECTO | H17: M2 | I17: 15 | J17: =+APU!J25 -> 228163 | K17: =ROUND(J17*I17,0) -> 3422445
C18: Subtotal | K18: =SUM(K13:K17) -> 9690114
C19: MOVIMIENTO DE TIERRAS
C20: TRAMO 5
C21: 5 | D21: 2.018 | G21: EXCAVACIÓN MECANIZADA CIELO ABIERTO-MAT COMÚN/CONGLOM 0.0 A 6.0 M. | H21: M3 | I21: 180 | J21: =+APU!J64 -> 15898 | K21: =ROUND(J21*I21,0) -> 2861640
C22: 7 | D22: 32.001 | G22: SUMINISTRO, TRANSPORTE E INSTALACION RELLENO EN AFIRMADO COMPACTADO | H22: M3 | I22: 54.79 | J22: =+APU!J285 -> 127985 | K22: =ROUND(J22*I22,0) -> 7012298
C23: Subtotal | K23: =SUM(K21:K22) -> 9873938
C24: TRAMO 6
C25: 8 | D25: 2.018 | G25: EXCAVACIÓN MECANIZADA CIELO ABIERTO-MAT COMÚN/CONGLOM 0.0 A 6.0 M. | H25: M3 | I25: 260 | J25: =+APU!J64 -> 15898 | K25: =ROUND(J25*I25,0) -> 4133480
C26: 9 | D26: 32.001 | G26: SUMINISTRO, TRANSPORTE E INSTALACION RELLENO EN AFIRMADO COMPACTADO | H26: M3 | I26: 68.24 | J26: =+APU!J285 -> 127985 | K26: =ROUND(J26*I26,0) -> 8733696
C27: Subtotal | K27: =SUM(K25:K26) -> 12867176
C28: VIA
C29: TRAMO 5
D30: 23.028 | G30: SUMINISTRO, TRANSPORTE E INSTALACION PAVIMENTO EN CONCRETO MR 42 HECHO EN OBRA | H30: M3 | I30: 61.11 | J30: =+APU!J118 -> 889750 | K30: =ROUND(J30*I30,0) -> 54372623
D31: 2.018 | G31: EXCAVACIÓN MECANIZADA CIELO ABIERTO-MAT COMÚN/CONGLOM 0.0 A 6.0 M. PARA SUSTITUCIÓN | H31: M3 | I31: 87.3 | J31: =+APU!J64 -> 15898 | K31: =ROUND(J31*I31,0) -> 1387895
D32: 4.005 | G32: SUMINISTRO, TRANSPORTE E INSTALACION SUB BASE GRANULAR MATERIAL SELECCIONADO. SUMINISTRO, TRANSPORTE, COLOCACIÓN Y COMPACTACIÓN SEGUN NORMA INVIAS Y ESTUDIOS DE SUELOS. | H32: M3 | I32: 152.78 | J32: =+APU!J84 -> 174036 | K32: =ROUND(J32*I32,0) -> 26589220
D33: 23.046 | G33: DOVELAS DE ACERO LISO 60000 PSI PARA PAVIMENTOS | H33: KG | I33: 341.1 | J33: =+APU!J157 -> 22695 | K33: =ROUND(J33*I33,0) -> 7741265
D34: 023.032 | G34: SUMINISTRO, TRANSPORTE E INSTALACION SELLO DE JUNTA DE PAVIMENTO RIGIDO 0,01 M | H34: ML | I34: 82.3 | J34: =+APU!J142 -> 14042 | K34: =ROUND(J34*I34,0) -> 1155657
D35: 005.008 | G35: SUMINISTRO, TRANSPORTE E INSTALACION MALLA ELECTROSOLDADA M-186 Q-5 F 6 mm c/.15m en ambos sentidos (Incluye alambre negro, colocación y traslapo). | H35: KG | I35: 162.72 | J35: =+APU!J90 -> 6470 | K35: =ROUND(J35*I35,0) -> 1052798
D36: 23034 | G36: CORTE MECANIZADO DE PAVIMENTO 5 MM | H36: ML | I36: 82.3 | J36: =+APU!J150 -> 9416 | K36: =ROUND(J36*I36,0) -> 774937
D37: =+APU!A308 -> 032.017 | G37: =+APU!C308 -> SUMINISTRO, TRANSPORTE E INSTALACION SARDINEL ANCHO = 20 CM H = ENTRE 15 Y 20 CM EN CONCRETO 3000 PSI, CHAFLANADO | H37: ML | I37: 178.6 | J37: =+APU!J308 -> 87060 | K37: =ROUND(J37*I37,0) -> 15548916
D38: =+APU!A329 -> 023.045.1 | G38: =+APU!C329 -> SUMINISTRO TRANSPORTE E INSTALACION ACERO DE 60000 PSI ( INCLUYE ALAMBRE NEGRO Y FIGURACION) | H38: =+APU!E329 -> KG | I38: 461.6 | J38: =+APU!J329 -> 8588 | K38: =ROUND(J38*I38,0) -> 3964221
C39: Subtotal | K39: =SUM(K30:K38) -> 112587532
C40: TRAMO 6
D41: 23.028 | G41: SUMINISTRO, TRANSPORTE E INSTALACION PAVIMENTO EN CONCRETO MR 42 HECHO EN OBRA | H41: M3 | I41: 73.71 | J41: =+APU!J118 -> 889750 | K41: =ROUND(J41*I41,0) -> 65583473
D42: 4.005 | G42: SUMINISTRO, TRANSPORTE E INSTALACION SUB BASE GRANULAR MATERIAL SELECCIONADO. SUMINISTRO, TRANSPORTE, COLOCACIÓN Y COMPACTACIÓN SEGUN NORMA INVIAS Y ESTUDIOS DE SUELOS. | H42: M3 | I42: 110.57 | J42: =+APU!J84 -> 174036 | K42: =ROUND(J42*I42,0) -> 19243161
D43: 23.046 | G43: DOVELAS DE ACERO LISO 60000 PSI PARA PAVIMENTOS | H43: KG | I43: 425.23 | J43: =+APU!J157 -> 22695 | K43: =ROUND(J43*I43,0) -> 9650595
D44: 023.032 | G44: SUMINISTRO, TRANSPORTE E INSTALACION SELLO DE JUNTA DE PAVIMENTO RIGIDO 0,01 M | H44: ML | I44: 98 | J44: =+APU!J142 -> 14042 | K44: =ROUND(J44*I44,0) -> 1376116
D45: 005.008 | G45: SUMINISTRO, TRANSPORTE E INSTALACION MALLA ELECTROSOLDADA M-186 Q-5 F 6 mm c/.15m en ambos sentidos (Incluye alambre negro, colocación y traslapo). | H45: KG | I45: 50.89 | J45: =+APU!J90 -> 6470 | K45: =ROUND(J45*I45,0) -> 329258
D46: 23034 | G46: CORTE MECANIZADO DE PAVIMENTO 5 MM | H46: ML | I46: 98 | J46: =+APU!J150 -> 9416 | K46: =ROUND(J46*I46,0) -> 922768
D47: =+APU!A308 -> 032.017 | G47: =+APU!C308 -> SUMINISTRO, TRANSPORTE E INSTALACION SARDINEL ANCHO = 20 CM H = ENTRE 15 Y 20 CM EN CONCRETO 3000 PSI, CHAFLANADO | H47: ML | I47: 150.91 | J47: =+APU!J308 -> 87060 | K47: =ROUND(J47*I47,0) -> 13138225
D48: =+D38 -> 023.045.1 | G48: =+G38 -> SUMINISTRO TRANSPORTE E INSTALACION ACERO DE 60000 PSI ( INCLUYE ALAMBRE NEGRO Y FIGURACION) | H48: =+H38 -> KG | I48: 390 | J48: =+APU!J329 -> 8588 | K48: =ROUND(J48*I48,0) -> 3349320
C49: Subtotal | K49: =SUM(K41:K48) -> 113592916
C50: ANDENES
C51: TRAMO 5
D52: 032.016 | G52: SUMINISTRO, TRANSPORTE E INSTALACION ANDEN CONCRETO 3000 PSI E= 0.10M. ACABADO: ESCOBIADO | H52: M2 | I52: 211.2 | J52: =+APU!J274 -> 100952 | K52: =ROUND(J52*I52,0) -> 21321062 | U52: =470*1.5 -> 705
D53: 032.015 | G53: CORTE MECANIZADO DE ANDEN EN CONCRETO CON DISCO (3,5CM) | H53: ML | I53: 120 | J53: =+APU!J267 -> 7652 | K53: =ROUND(J53*I53,0) -> 918240
D54: 023.008 | G54: SUMINISTRO, TRANSPORTE E INSTALACION AFIRMADO PARA ANDENES | H54: M3 | I54: 26.4 | J54: =+APU!J259 -> 147529 | K54: =ROUND(J54*I54,0) -> 3894766
C55: Subtotal | K55: =SUM(K52:K54) -> 26134068
C56: TRAMO 6
D57: 032.016 | G57: SUMINISTRO, TRANSPORTE E INSTALACION ANDEN CONCRETO 3000 PSI E= 0.10M. ACABADO: ESCOBIADO | H57: M2 | I57: 228.5 | J57: =+APU!J274 -> 100952 | K57: =ROUND(J57*I57,0) -> 23067532
D58: 032.015 | G58: CORTE MECANIZADO DE ANDEN EN CONCRETO CON DISCO (3,5CM) | H58: ML | I58: 142.5 | J58: =+APU!J267 -> 7652 | K58: =ROUND(J58*I58,0) -> 1090410
D59: 023.008 | G59: SUMINISTRO, TRANSPORTE E INSTALACION AFIRMADO PARA ANDENES | H59: M3 | I59: 28.6 | J59: =+APU!J259 -> 147529 | K59: =ROUND(J59*I59,0) -> 4219329
C60: Subtotal | K60: =SUM(K57:K59) -> 28377271
C61: SEÑALIZACIÓN Y DEMARCACIÓN VIAL
C62: TRAMO 5
D63: 19.017 | G63: SUMINISTRO, TRANSPORTE E INSTALACION DEMARCACION HORIZONTAL DE VIAS PINTURA TIPO TRAFICO | H63: M2 | I63: 12.69 | J63: =+APU!J133 -> 34886 | K63: =ROUND(J63*I63,0) -> 442703
D64: 23,056 | G64: SUMINISTRO, TRANSPORTE E INSTALACION SEÑAL VERTICAL GRADO DIAMANTE SR o SP (60cms x 60cms),CON POSTE | H64: UND | I64: 2 | J64: =+APU!J164 -> 454113 | K64: =ROUND(J64*I64,0) -> 908226
C65: Subtotal | K65: =SUM(K63:K64) -> 1350929
C66: TRAMO 6
D67: 19.017 | G67: SUMINISTRO, TRANSPORTE E INSTALACION DEMARCACION HORIZONTAL DE VIAS PINTURA TIPO TRAFICO | H67: M2 | I67: 19.69 | J67: =+APU!J133 -> 34886 | K67: =ROUND(J67*I67,0) -> 686905
D68: 23.056 | G68: SUMINISTRO, TRANSPORTE E INSTALACION SEÑAL VERTICAL GRADO DIAMANTE SR o SP (60cms x 60cms),CON POSTE | H68: UND | I68: 2 | J68: =+APU!J164 -> 454113 | K68: =ROUND(J68*I68,0) -> 908226
C69: Subtotal | K69: =SUM(K67:K68) -> 1595131
C70: HIDRÁULICA
C71: TRAMO 5
C72: IMBORNALES
D73: 002.010 | G73: EXCAVACIÓN PARA ESTRUCTURAS - MATERIAL COMÚN - 0.0 A 2.0M | H73: M3 | I73: 2 | J73: =+APU!J58 -> 37457 | K73: =ROUND(J73*I73,0) -> 74914
D74: 024.112 | G74: SUMINISTRO, TRANSPORTE E INSTALACIÓN SUMIDERO DOBLE REJA TIPO SIFÓN EN CONCRETO CLASE II - TAPA ANTIRUIDO EN CONCRETO | H74: UND | I74: 2 | J74: =+APU!J218 -> 2599925 | K74: =ROUND(J74*I74,0) -> 5199850
D75: 002.001 | G75: EXCAVACIÓN EN ZANJA - MATERIAL COMÚN - 0.0 A 2.0M | H75: M3 | I75: 1.33 | J75: =+APU!J52 -> 32359 | K75: =ROUND(J75*I75,0) -> 43037
D76: 024.006 | G76: SUMINISTRO, TRANSPORTE E INSTALACIÓN TUBERÍA NOVAFORT 250MM (10") | H76: ML | I76: 2.4 | J76: =+APU!J168 -> 117798 | K76: =ROUND(J76*I76,0) -> 282715
D77: 33.097 | G77: RELLENO EN MATERIAL SELECCIONADO PROVENIENTE DE LA EXCAVACIÓN | H77: M3 | I77: 0.94 | J77: =+APU!J293 -> 31868 | K77: =ROUND(J77*I77,0) -> 29956
D78: 024.120 | G78: SUMINISTRO, TRANSPORTE E INSTALACIÓN EMPALME A CÁMARA DE INSPECCIÓN CONCRETO CLASE II | H78: UND | I78: 2 | J78: =+APU!J234 -> 102143 | K78: =ROUND(J78*I78,0) -> 204286
C79: Subtotal | K79: =SUM(K73:K78) -> 5834758
C80: TRAMO 6
C81: IMBORNALES
D82: 002.010 | G82: EXCAVACIÓN PARA ESTRUCTURAS - MATERIAL COMÚN - 0.0 A 2.0M | H82: M3 | I82: 2 | J82: =+APU!J58 -> 37457 | K82: =ROUND(J82*I82,0) -> 74914
D83: 024.112 | G83: SUMINISTRO, TRANSPORTE E INSTALACIÓN SUMIDERO DOBLE REJA TIPO SIFÓN EN CONCRETO CLASE II - TAPA ANTIRUIDO EN CONCRETO | H83: UND | I83: 2 | J83: =+APU!J218 -> 2599925 | K83: =ROUND(J83*I83,0) -> 5199850
D84: 002.001 | G84: EXCAVACIÓN EN ZANJA - MATERIAL COMÚN - 0.0 A 2.0M | H84: M3 | I84: 3.4 | J84: =+APU!J52 -> 32359 | K84: =ROUND(J84*I84,0) -> 110021
D85: 024.006 | G85: SUMINISTRO, TRANSPORTE E INSTALACIÓN TUBERÍA NOVAFORT 250MM (10") | H85: ML | I85: 5.7 | J85: =+APU!J168 -> 117798 | K85: =ROUND(J85*I85,0) -> 671449
D86: 33.097 | G86: RELLENO EN MATERIAL SELECCIONADO PROVENIENTE DE LA EXCAVACIÓN | H86: M3 | I86: 2.47 | J86: =+APU!J293 -> 31868 | K86: =ROUND(J86*I86,0) -> 78714
D87: 024.120 | G87: SUMINISTRO, TRANSPORTE E INSTALACIÓN EMPALME A CÁMARA DE INSPECCIÓN CONCRETO CLASE II | H87: UND | I87: 2 | J87: =+APU!J234 -> 102143 | K87: =ROUND(J87*I87,0) -> 204286
C88: Subtotal | K88: =SUM(K82:K87) -> 6339234
C89: CAMARAS DE INSPECCIÓN
D90: 002.001 | G90: EXCAVACIÓN PARA ESTRUCTURAS - MATERIAL COMÚN - 0.0 A 2.0M | H90: M3 | I90: 8.27 | J90: =+APU!J52 -> 32359 | K90: =ROUND(J90*I90,0) -> 267609
D91: 024.075 | G91: SUMINISTRO, TRANSPORTE E INSTALACIÓN DE CÁMARA CIRCULAR DE INSPECCIÓN D=1.20M EN CONCRETO CLASE II | H91: ML | I91: 2.75 | J91: =+APU!J190 -> 563120 | K91: =ROUND(J91*I91,0) -> 1548580
D92: 024.162 | G92: SUMINISTRO, TRANSPORTE E INSTALACIÓN BASE-CAÑUELA CÁMARA CIRCULAR INSPECCIÓN D=1.20M EN CONCRETO CLASE II | H92: UND | I92: 2 | J92: =+APU!J247 -> 478359 | K92: =ROUND(J92*I92,0) -> 956718
D93: 024.090 | G93: SUMINISTRO, TRANSPORTE E INSTALACIÓN TAPA D=0.68M PARA CÁMARA DE INSPECCIÓN EN CONCRETO REFORZADO CLASE I VEHICULAR | H93: UND | I93: 2 | J93: =+APU!J202 -> 184499 | K93: =ROUND(J93*I93,0) -> 368998
C94: Subtotal | K94: =SUM(K90:K93) -> 3141905
C95: TUBERÍA ALCANTARILLADO
D96: 002.001 | G96: EXCAVACIÓN EN ZANJA - MATERIAL COMÚN - 0.0 A 2.0M | H96: M3 | I96: 108.85 | J96: =+APU!J52 -> 32359 | K96: =ROUND(J96*I96,0) -> 3522277
D97: 002.050 | G97: RELLENO EN MATERIAL SELECCIONADO PROVENIENTE DE LA EXCAVACIÓN | H97: M3 | I97: 94.22 | J97: =+APU!J77 -> 28612 | K97: =ROUND(J97*I97,0) -> 2695823
D98: 024.008 | G98: SUMINISTRO, TRANSPORTE E INSTALACIÓN TUBERÍA NOVAFORT 315MM (12") | H98: ML | I98: 83.6 | J98: =+APU!J179 -> 162526 | K98: =ROUND(J98*I98,0) -> 13587174
C99: Subtotal | K99: =SUM(K96:K98) -> 19805274
C100: TRANSPORTE
C101: TRAMO 5
D102: 2.032 | G102: RETIRO DE MATERIAL SOBRANTE EN VOLQUETA, CARGUE MANUAL | H102: M3 | I102: 186.87 | J102: =+APU!J71 -> 44493 | K102: =ROUND(J102*I102,0) -> 8314407
C103: Subtotal | K103: =SUM(K102) -> 8314407
...

Sheet APU
A2: “CONSTRUCCIÓN DEL PAVIMENTO EN CONCRETO RÍGIDO DE LA VÍA UBICADA EN: CALLE 48F ENTRE CARRERAS 1F y 1I Y LA VIA UBICADA EN LA CALLE 48F1 ENTRE CARRERAS 1F Y 1J, BARRIO SAN SEBASTIÁN EN LA CIUDAD DE MANIZALES, EN CUMPLIMIENTO DE LA SENTENCIA 60/2020 DE LA ACCIÓN POPULAR CON RADICADO 17001-33-39-006-2019-00255-00.”
A5: CODIGO | B5: COD INSUMO | C5: INSUMO | D5: TIPO | E5: UNIDAD | F5: REND | G5: VALOR UNITARIO | H5: VALOR TOTAL | I5: AIU | J5: VALOR TOTAL INCLUIDO AIU
A6: 001.046 | B6: - | C6: SUMINISTRO, TRANSPORTE E INSTALACION CAMPAMENTO PROVISIONAL | D6: Actividad | E6: M2 | H6: 128872 | I6: =+A.I.U!G29 -> 1.3652 | J6: =ROUND(H6*I6,0) -> 175936
A7: 001.046 | B7: AB4 | C7: CONCRETO 2500 psi - 17.5 Mpa | D7: Analisis | E7: M3 | F7: 0.05 | G7: 380250 | H7: 19013
A8: 001.046 | B8: C15 | C8: CUADRILLA AA TIPO 3 (1 OFICIAL + 3 AYUDANTE) (Albañileria) | D8: Cuadrilla | E8: HR | F8: 0.85 | G8: 29568 | H8: 25133
A9: 001.046 | B9: E14 | C9: MEZCLADORA A GASOLINA 1 SACO | D9: Equipos | E9: DIA | F9: 0.021 | G9: 34593 | H9: 726
A10: 001.046 | B10: H1 | C10: EQUIPO BASICO ( CONSTRUCCIÓN ) | D10: Herramienta | E10: UND | F10: 0.85 | G10: 2536 | H10: 2156
A11: 001.046 | B11: I1614 | C11: PUERTAS Y VENTANAS EN TABLA PARA CAMPAMENTO | D11: Insumo | E11: M2 | F11: 0.515 | G11: 3238 | H11: 1668
A12: 001.046 | B12: I1619 | C12: INSTALACIONES PROVISIONALES | D12: Insumo | E12: UND | F12: 1.03 | G12: 16626 | H12: 17125
A13: 001.046 | B13: I1620 | C13: GUADUA-TABLA-CUARTÓN-LISTÓN-VARILLÓN PARA CAMPAMENTO | D13: Insumo | E13: M2 | F13: 0.515 | G13: 101958 | H13: 52508
A14: 001.046 | B14: I302 | C14: TEJA DE ZINC ONDULADA TZO L=2.44X0.80 | D14: Insumo | E14: UND | F14: 0.35 | G14: 30124 | H14: 10543
A16: CODIGO | B16: COD INSUMO | C16: INSUMO | D16: TIPO | E16: UNIDAD | F16: REND | G16: VALOR UNITARIO | H16: VALOR TOTAL | I16: AIU | J16: VALOR TOTAL INCLUIDO AIU
A17: 001.050 | B17: - | C17: INSTALACION PROVISIONAL DE ACUEDUCTO | D17: Actividad | E17: UND | H17: 62923 | I17: =+I6 -> 1.3652 | J17: =ROUND(H17*I17,0) -> 85902
A18: 001.050 | B18: I1558 | C18: SERVICIO DE AGUA | D18: Insumo | E18: MES | F18: 1 | G18: 62923 | H18: 62923
A20: CODIGO | B20: COD INSUMO | C20: INSUMO | D20: TIPO | E20: UNIDAD | F20: REND | G20: VALOR UNITARIO | H20: VALOR TOTAL | I20: AIU | J20: VALOR TOTAL INCLUIDO AIU
A21: 001.051 | B21: - | C21: INSTALACION PROVISIONAL DE ENERGIA | D21: Actividad | E21: UND | H21: 55930 | I21: =+I17 -> 1.3652 | J21: =ROUND(H21*I21,0) -> 76356
A22: 001.051 | B22: I1559 | C22: SERVICIO DE ENERGIA | D22: Insumo | E22: MES | F22: 1 | G22: 55930 | H22: 55930
A24: CODIGO | B24: COD INSUMO | C24: INSUMO | D24: TIPO | E24: UNIDAD | F24: REND | G24: VALOR UNITARIO | H24: VALOR TOTAL | I24: AIU | J24: VALOR TOTAL INCLUIDO AIU
A25: 001.052 | B25: - | C25: SUMINISTRO, TRANSPORTE E INSTALACION VALLA INFORMATIVA GENERAL DEL PROYECTO | D25: Actividad | E25: M2 | H25: 167128 | I25: =+I21 -> 1.3652 | J25: =ROUND(H25*I25,0) -> 228163
A26: 001.052 | B26: C8 | C26: CUADRILLA AA TIPO 2 (1 OFICIAL + 2 AYUDANTE) (Albañileria) | D26: Cuadrilla | E26: HR | F26: 1.5 | G26: 23140 | H26: 34710
A27: 001.052 | B27: E12 | C27: EQUIPO DE TRANSPORTE | D27: Equipos | E27: DIA | F27: 0.0188 | G27: 131205 | H27: 2467
A28: 001.052 | B28: H2 | C28: EQUIPO BASICO (HERRAMIENTA MENOR) | D28: Herramienta | E28: UND | F28: 1.5 | G28: 2536 | H28: 3804
A29: 001.052 | B29: I1565 | C29: ACARREO INTERNO | D29: Insumo | E29: UND | F29: 2.1 | G29: 1327 | H29: 2787
A30: 001.052 | B30: I345 | C30: PERFIL METALICO CAL 12 - 2,5MM. - 2,44M. | D30: Insumo | E30: UND | F30: 1 | G30: 51640 | H30: 51640
A31: 001.052 | B31: I448 | C31: VALLA EN LONA | D31: Insumo | E31: M2 | F31: 1 | G31: 71720 | H31: 71720
A33: CODIGO | B33: COD INSUMO | C33: INSUMO | D33: TIPO | E33: UNIDAD | F33: REND | G33: VALOR UNITARIO | H33: VALOR TOTAL | I33: AIU | J33: VALOR TOTAL INCLUIDO AIU
A34: 001.054 | B34: - | C34: SUMINISTRO, TRANSPORTE E INSTALACION SEÑAL PREVENTIVA, REGLAMENTARIA E INFORMATIVA | D34: Actividad | E34: UND | H34: 160565 | I34: =+I25 -> 1.3652 | J34: =ROUND(H34*I34,0) -> 219203
A35: 001.054 | B35: AB4 | C35: CONCRETO 2500 psi - 17.5 Mpa | D35: Analisis | E35: M3 | F35: 0.01 | G35: 380250 | H35: 3803
A36: 001.054 | B36: C1 | C36: CUADRILLA AA TIPO 1 (1 OFICIAL + 1 AYUDANTE) (Albañileria) | D36: Cuadrilla | E36: HR | F36: 2 | G36: 16712 | H36: 33424
A37: 001.054 | B37: E111 | C37: FORMALETA PARA BASE DE CONCRETO | D37: Equipos | E37: UND | F37: 0.5 | G37: 4151 | H37: 2076
A38: 001.054 | B38: E12 | C38: EQUIPO DE TRANSPORTE | D38: Equipos | E38: DIA | F38: 0.228 | G38: 131205 | H38: 29915
A39: 001.054 | B39: H2 | C39: EQUIPO BASICO (HERRAMIENTA MENOR) | D39: Herramienta | E39: UND | F39: 2 | G39: 2536 | H39: 5072
A40: 001.054 | B40: I1565 | C40: ACARREO INTERNO | D40: Insumo | E40: UND | F40: 0.158 | G40: 1327 | H40: 210
A41: 001.054 | B41: I450 | C41: SEÑAL PREVENTIVA, REGLAMENTARIA E INFORMATIVA (2 USOS) | D41: Insumo | E41: UND | F41: 0.6 | G41: 143441 | H41: 86065
A43: CODIGO | B43: COD INSUMO | C43: INSUMO | D43: TIPO | E43: UNIDAD | F43: REND | G43: VALOR UNITARIO | H43: VALOR TOTAL | I43: AIU | J43: VALOR TOTAL INCLUIDO AIU
A44: 001.085 | B44: - | C44: LOCALIZACION Y REPLANTEO DE VIAS incluye eje de via y laterales con andenes | D44: Actividad | E44: ML | H44: 3308 | I44: =+I34 -> 1.3652 | J44: =ROUND(H44*I44,0) -> 4516
A45: 001.085 | B45: H2 | C45: EQUIPO BASICO (HERRAMIENTA MENOR) | D45: Herramienta | E45: UND | F45: 0.05 | G45: 2536 | H45: 127
A46: 001.085 | B46: I1015 | C46: PINTURA ACRILICA PARA TRAFICO TIPO PINTUCO (PINTUTRÁFICO) O SIMILAR - COLORES: BLANCO, AMARILLO O NEGRO SEGÚN DISEÑO. | D46: Insumo | E46: GAL | F46: 0.008 | G46: 91659 | H46: 733
A47: 001.085 | B47: I1562 | C47: COMISION TOPOGRAFICA (INCLUYE TOPOGRAFO, CADENERO Y EQUIPO TOPOGRAFÍA (ESTACIÓN Y NIVEL)). | D47: Insumo | E47: DIA | F47: 0.004 | G47: 503807 | H47: 2015
A48: 001.085 | B48: I425 | C48: PUNTILLA CON CABEZA 2" | D48: Insumo | E48: LB | F48: 0.01 | G48: 3585 | H48: 36
A49: 001.085 | B49: I998 | C49: LATA DE GUADUA | D49: Insumo | E49: UND | F49: 1 | G49: 397 | H49: 397
A51: CODIGO | B51: COD INSUMO | C51: INSUMO | D51: TIPO | E51: UNIDAD | F51: REND | G51: VALOR UNITARIO | H51: VALOR TOTAL | I51: AIU | J51: VALOR TOTAL INCLUIDO AIU
A52: 002.001 | B52: - | C52: EXCAVACIÓN EN ZANJA - MATERIAL COMÚN - 0.0 A 2.0 M | D52: Actividad | E52: M3 | H52: 23703 | I52: =+I44 -> 1.3652 | J52: =ROUND(H52*I52,0) -> 32359
A53: 002.001 | B53: C22 | C53: CUADRILLA AA TIPO 4 (1 OFICIAL + 4 AYUDANTE) (Albañileria) | D53: Cuadrilla | E53: HR | F53: 0.6 | G53: 35996 | H53: 21598
A54: 002.001 | B54: E36 | C54: EQUIPO MANEJO DE AGUAS DIFERENTE A AGUAS RESIDUALES | D54: Equipos | E54: DIA | F54: 0.033 | G54: 48431 | H54: 1598
A55: 002.001 | B55: H2 | C55: EQUIPO BASICO (HERRAMIENTA MENOR) | D55: Herramienta | E55: UND | F55: 0.2 | G55: 2536 | H55: 507
A57: CODIGO | B57: COD INSUMO | C57: INSUMO | D57: TIPO | E57: UNIDAD | F57: REND | G57: VALOR UNITARIO | H57: VALOR TOTAL | I57: AIU | J57: VALOR TOTAL INCLUIDO AIU
A58: 002.010 | B58: - | C58: EXCAVACIÓN PARA ESTRUCTURAS - MATERIAL COMÚN - 0.0 A 2.0 M | D58: Actividad | E58: M3 | H58: 27437 | I58: =+I52 -> 1.3652 | J58: =ROUND(H58*I58,0) -> 37457
A59: 002.010 | B59: C29 | C59: CUADRILLA AA TIPO 5 (1 OFICIAL + 5 AYUDANTE) (Albañileria) | D59: Cuadrilla | E59: HR | F59: 0.6 | G59: 42424 | H59: 25454
A60: 002.010 | B60: E37 | C60: MOTOBOMBA DE 2" A GASOLINA | D60: Equipos | E60: DIA | F60: 0.02 | G60: 48431 | H60: 969
A61: 002.010 | B61: H2 | C61: EQUIPO BASICO (HERRAMIENTA MENOR) | D61: Herramienta | E61: UND | F61: 0.4 | G61: 2536 | H61: 1014
A63: ºº | B63: COD INSUMO | C63: INSUMO | D63: TIPO | E63: UNIDAD | F63: REND | G63: VALOR UNITARIO | H63: VALOR TOTAL | I63: AIU | J63: VALOR TOTAL INCLUIDO AIU
A64: 002.018 | B64: - | C64: EXCAVACIÓN MECANIZADA CIELO ABIERTO-MAT COMÚN/CONGLOM 0.0 A 6.0 M. | D64: Actividad | E64: M3 | H64: =SUM(H65:H68) -> 11645 | I64: =+I58 -> 1.3652 | J64: =ROUND(H64*I64,0) -> 15898
A65: 002.018 | B65: C22 | C65: CUADRILLA AA TIPO 4 (1 OFICIAL + 4 AYUDANTE) | D65: Cuadrilla | E65: HR | F65: 0.1 | G65: 35996 | H65: =+ROUND(F65*G65,0) -> 3600
A66: 002.018 | B66: E18 | C66: RETROEXCAVADORA SOBRE ORUGAS | D66: Equipos | E66: HR | F66: 0.028 | G66: 213079 | H66: =+ROUND(F66*G66,0) -> 5966
A67: 002.018 | B67: E37 | C67: MOTOBOMBA DE 2" A GASOLINA | D67: Equipos | E67: DIA | F67: 0.022 | G67: 48431 | H67: =+ROUND(F67*G67,0) -> 1065
A68: 002.018 | B68: H2 | C68: EQUIPO BASICO (HERRAMIENTA MENOR) | D68: Herramienta | E68: UND | F68: 0.4 | G68: 2536 | H68: =+ROUND(F68*G68,0) -> 1014
A70: CODIGO | B70: COD INSUMO | C70: INSUMO | D70: TIPO | E70: UNIDAD | F70: REND | G70: VALOR UNITARIO | H70: VALOR TOTAL | I70: AIU | J70: VALOR TOTAL INCLUIDO AIU
A71: 002.032 | B71: - | C71: RETIRO DE MATERIAL SOBRANTE EN VOLQUETA, CARGUE MANUAL | D71: Actividad | E71: M3 | H71: 32591 | I71: =+I64 -> 1.3652 | J71: =ROUND(H71*I71,0) -> 44493
A72: 002.032 | B72: C15 | C72: CUADRILLA AA TIPO 3 (1 OFICIAL + 3 AYUDANTE) (Albañileria) | D72: Cuadrilla | E72: HR | F72: 0.217 | G72: 29568 | H72: 6416
A73: 002.032 | B73: E24 | C73: VOLQUETA 6M3 (CARGUE A MANO) | D73: Equipos | E73: VJE | F73: 0.217 | G73: 118086 | H73: 25625
A74: 002.032 | B74: H2 | C74: EQUIPO BASICO (HERRAMIENTA MENOR) | D74: Herramienta | E74: UND | F74: 0.217 | G74: 2536 | H74: 550
A76: CODIGO | B76: COD INSUMO | C76: INSUMO | D76: TIPO | E76: UNIDAD | F76: REND | G76: VALOR UNITARIO | H76: VALOR TOTAL | I76: AIU | J76: VALOR TOTAL INCLUIDO AIU
A77: 002.050 | B77: - | C77: RELLENO EN MATERIAL SELECCIONADO PROVENIENTE DE LA EXCAVACION (CANGURO) | D77: Actividad | E77: M3 | H77: 20958 | I77: =+I71 -> 1.3652 | J77: =ROUND(H77*I77,0) -> 28612
A78: 002.050 | B78: C1 | C78: CUADRILLA AA TIPO 1 (1 OFICIAL + 1 AYUDANTE) (Albañileria) | D78: Cuadrilla | E78: HR | F78: 0.86 | G78: 16712 | H78: 14372
A79: 002.050 | B79: E48 | C79: CANGURO | D79: Equipos | E79: DIA | F79: 0.12 | G79: 47233 | H79: 5668
A80: 002.050 | B80: H2 | C80: EQUIPO BASICO (HERRAMIENTA MENOR) | D80: Herramienta | E80: UND | F80: 0.1 | G80: 2536 | H80: 254
A81: 002.050 | B81: I1565 | C81: ACARREO INTERNO | D81: Insumo | E81: UND | F81: 0.5 | G81: 1327 | H81: 664
A83: CODIGO | B83: COD INSUMO | C83: INSUMO | D83: TIPO | E83: UNIDAD | F83: REND | G83: VALOR UNITARIO | H83: VALOR TOTAL | I83: AIU | J83: VALOR TOTAL INCLUIDO AIU
A84: 004.005 | B84: - | C84: SUMINISTRO, TRANSPORTE E INSTALACION SUB BASE GRANULAR MATERIAL SELECCIONADO. SUMINISTRO, TRANSPORTE, COLOCACIÓN Y COMPACTACIÓN SEGUN NORMA INVIAS Y ESTUDIOS DE SUELOS. | D84: Actividad | E84: M3 | H84: 127480 | I84: =+I77 -> 1.3652 | J84: =ROUND(H84*I84,0) -> 174036
A85: 004.005 | B85: C15 | C85: CUADRILLA AA TIPO 3 (1 OFICIAL + 3 AYUDANTE) (Albañileria) | D85: Cuadrilla | E85: HR | F85: 0.75 | G85: 29568 | H85: 22176
A86: 004.005 | B86: E47 | C86: VIBROCOMPACTADOR TIPO RANA | D86: Equipos | E86: DIA | F86: 0.07 | G86: 43299 | H86: 3031
A87: 004.005 | B87: I43 | C87: SUB BASE GRANULAR SBG-1 NORMA INVIAS | D87: Insumo | E87: M3 | F87: 1.15 | G87: 88933 | H87: 102273
A89: CODIGO | B89: COD INSUMO | C89: INSUMO | D89: TIPO | E89: UNIDAD | F89: REND | G89: VALOR UNITARIO | H89: VALOR TOTAL | I89: AIU | J89: VALOR TOTAL INCLUIDO AIU
A90: 005.008 | B90: - | C90: SUMINISTRO, TRANSPORTE E INSTALACION MALLA ELECTROSOLDADA M-188 Q-5 F 6 mm c/.15m en ambos sentidos (Incluye alambre negro, colocación y traslapo). | D90: Actividad | E90: KG | H90: 4739 | I90: =+I84 -> 1.3652 | J90: =ROUND(H90*I90,0) -> 6470
A91: 005.008 | B91: C8 | C91: CUADRILLA AA TIPO 2 (1 OFICIAL + 2 AYUDANTE) (Albañileria) | D91: Cuadrilla | E91: HR | F91: 0.05 | G91: 23140 | H91: 1157
A92: 005.008 | B92: E12 | C92: EQUIPO DE TRANSPORTE | D92: Equipos | E92: DIA | F92: 0.0005 | G92: 131205 | H92: 66
A93: 005.008 | B93: I10 | C93: MALLA ELECTROSOLDADA M-188. Q-5 6.0MM 15 X 15CM. | D93: Insumo | E93: KG | F93: 1.05 | G93: 3154 | H93: 3312
A94: 005.008 | B94: I1565 | C94: ACARREO INTERNO | D94: Insumo | E94: UND | F94: 0.053 | G94: 1327 | H94: 70
A95: 005.008 | B95: I3 | C95: ALAMBRE NEGRO NO. 18 | D95: Insumo | E95: KG | F95: 0.031 | G95: 4323 | H95: 134
A97: CODIGO | B97: COD INSUMO | C97: INSUMO | D97: TIPO | E97: UNIDAD | F97: REND | G97: VALOR UNITARIO | H97: VALOR TOTAL | I97: AIU | J97: VALOR TOTAL INCLUIDO AIU
A98: 005.014 | B98: - | C98: SUMINISTRO, TRANSPORTE E INSTALACION COLUMNAS CONCRETO 4000 PSI | D98: Actividad | E98: M3 | H98: 995333 | I98: =+I90 -> 1.3652 | J98: =ROUND(H98*I98,0) -> 1358829
A99: 005.014 | B99: AB7 | C99: CONCRETO 4000 psi - 28 Mpa | D99: Analisis | E99: M3 | F99: 1.05 | G99: 473475 | H99: 497149
A100: 005.014 | B100: C36 | C100: CUADRILLA AA TIPO 6 (1 OFICIAL + 6 AYUDANTE) (Albañileria) | D100: Cuadrilla | E100: HR | F100: 4.6 | G100: 48852 | H100: 224719
A101: 005.014 | B101: E1 | C101: ANDAMIO METALICO CERTIFICADO, INCLUYE ESCALERILLA CON BARANDAS Y PLATAFORMAS DE TRABAJO | D101: Equipos | E101: UND | F101: 3 | G101: 7257 | H101: 21771
A102: 005.014 | B102: E105 | C102: MORDAZA METALICA | D102: Equipos | E102: DIA | F102: 6 | G102: 104 | H102: 624
A103: 005.014 | B103: E108 | C103: PARAL LARGO 2.00 A 3.50 M | D103: Equipos | E103: DIA | F103: 3 | G103: 173 | H103: 519
A104: 005.014 | B104: E12 | C104: EQUIPO DE TRANSPORTE | D104: Equipos | E104: DIA | F104: 0.1065 | G104: 131205 | H104: 13973
A105: 005.014 | B105: E21 | C105: VIBRADOR A GASOLINA | D105: Equipos | E105: DIA | F105: 0.07 | G105: 51948 | H105: 3636
A106: 005.014 | B106: E9 | C106: PLUMA GRUA 250KG CON BALDE | D106: Equipos | E106: DIA | F106: 1 | G106: 30440 | H106: 30440
A107: 005.014 | B107: H2 | C107: EQUIPO BASICO (HERRAMIENTA MENOR) | D107: Herramienta | E107: UND | F107: 4.6 | G107: 2536 | H107: 11666
A108: 005.014 | B108: I1565 | C108: ACARREO INTERNO | D108: Insumo | E108: UND | F108: 12 | G108: 1327 | H108: 15924
A109: 005.014 | B109: I425 | C109: PUNTILLA CON CABEZA 2" | D109: Insumo | E109: LB | F109: 1 | G109: 3585 | H109: 3585
A110: 005.014 | B110: I441 | C110: SIKA ANTISOL ROJO | D110: Insumo | E110: KG | F110: 2.22 | G110: 14890 | H110: 33056
... A115: 005.014 | B115: I978 | C115: TABLA CHAPA EN CEDRO MACHO 30 CM X 2 CM X 3 M. | D115: Insumo | E115: M | F115: 4 | G115: 4986 | H115: 19944
A117: CODIGO | B117: COD INSUMO | C117: INSUMO | D117: TIPO | E117: UNIDAD | F117: REND | G117: VALOR UNITARIO | H117: VALOR TOTAL | I117: AIU | J117: VALOR TOTAL INCLUIDO AIU
A118: 023.028 | B118: - | C118: SUMINISTRO, TRANSPORTE E INSTALACION PAVIMENTO EN CONCRETO MR 42 HECHO EN OBRA | D118: Actividad | E118: M3 | H118: 651736 | I118: =+I98 -> 1.3652 | J118: =ROUND(H118*I118,0) -> 889750
A119: 023.028 | B119: AB15 | C119: CONCRETO MR 42 kg/cm2 | D119: Analisis | E119: M3 | F119: 1.05 | G119: 434251 | H119: 455964
A120: 023.028 | B120: C22 | C120: CUADRILLA AA TIPO 4 (1 OFICIAL + 4 AYUDANTE) (Albañileria) | D120: Cuadrilla | E120: HR | F120: 3.5 | G120: 35996 | H120: 125986
A121: 023.028 | B121: E12 | C121: EQUIPO DE TRANSPORTE | D121: Equipos | E121: DIA | F121: 0.0657 | G121: 131205 | H121: 8620
...

Sheet A.I.U
A1: CALCULO DEL AIU.
A2: PROYECTO: | B2: “CONSTRUCCIÓN DEL PAVIMENTO EN CONCRETO RÍGIDO DE LA VÍA UBICADA EN: CALLE 48F ENTRE CARRERAS 1F y 1I Y LA VIA UBICADA EN LA CALLE 48F1 ENTRE CARRERAS 1F Y 1J, BARRIO SAN SEBASTIÁN EN LA CIUDAD DE MANIZALES, EN CUMPLIMIENTO DE LA SENTENCIA 60/2020 DE LA ACCIÓN POPULAR CON RADICADO 17001-33-39-006-2019-00255-00.”
A4: Valor estimado de la Obra (Costo Directo). | D4: Valor | E4: 2.798517e+08
A5: Plazo estimado de ejecución | D5: Meses | E5: 2
A7: CAPITULO | B7: TIPO DE GASTO | C7: UN | D7: CANTIDAD. | E7: Destinación | F7: VLOR UNITARIO (mes) | G7: Factor Prestacional. | H7: VLOR TOTAL | I7: SUMA | J7: PORCENTAJE
A9: 1 | B9: GASTOS GENERALES. | J9: =+J10 -> 0.14501269
A10: 1.1 | B10: MANO DE OBRA Y GASTOS DE OFICINA | I10: =SUM(H11:H26) -> 40582047 | J10: =+I10/$E$4 -> 0.14501269
B11: Ingeniero Director con prestaciones | C11: Un | D11: 1 | E11: 0.15 | F11: 4300000 | G11: 0.5483 | H11: =+D11*E11*$E$5*F11*(1+G11) -> 1997307
B12: Ingeniero Residente con prestaciones | C12: Un | D12: 1 | E12: 1 | F12: 3500000 | G12: 0.5483 | H12: =+D12*E12*$E$5*F12*(1+G12) -> 10838100
B13: Técnico constructor como Maestro de obra | C13: Un | D13: 1 | E13: 1 | F13: 1870000 | G13: 0.5483 | H13: =+D13*E13*$E$5*F13*(1+G13) -> 5790642
B14: Trabajadora social | C14: Un | D14: 1 | E14: 0.5 | F14: 2500000 | G14: 0.5483 | H14: =+D14*E14*$E$5*F14*(1+G14) -> 3870750
B15: Profesional en Seguridad y Salud en el Trabajo | C15: Un | D15: 1 | E15: 0.5 | F15: 2500000 | G15: 0.5483 | H15: =+D15*E15*$E$5*F15*(1+G15) -> 3870750
B16: Ingeniero Ambiental | C16: Un | D16: 1 | E16: 0.5 | F16: 2500000 | G16: 0.5483 | H16: =+D16*E16*$E$5*F16*(1+G16) -> 3870750
B17: Almacenista con prestaciones | C17: Un | D17: 1 | E17: 1 | F17: 908526 | G17: 0.6979 | H17: =+D17*E17*$E$5*F17*(1+G17) -> 3085172.6
B18: Celador con prestaciones | C18: Un | D18: 1 | E18: 1 | F18: 1000000 | G18: 0.6979 | H18: =+D18*E18*$E$5*F18*(1+G18) -> 3395800
B19: Secretaria con prestaciones | C19: Un | D19: 1 | E19: 0.15 | F19: 908526 | G19: 0.6979 | H19: =+D19*E19*$E$5*F19*(1+G19) -> 462775.89
B21: Almacén (Equipo de Oficina, Escritorio, pc, impresora, sillas, papeleria etc) | C21: Un | D21: 1 | E21: 1 | F21: 500000 | H21: =E21*D21*F21*E5 -> 1000000 | J21: =+H21:H24/$E$4 -> 0.0035733212
B22: Señalización obra, plan manejo tránsito, etc | C22: GL | D22: 1 | E22: 1 | F22: 500000 | H22: =E22*D22*F22*E5 -> 1000000
B23: Ensayos de laboratorio | C23: Un | D23: 1 | E23: 1 | F23: 500000 | H23: =$E$5*F23*E23*D23 -> 1000000
B24: Elaboracion de informes, registros | C24: Un | D24: 1 | E24: 1 | F24: 200000 | H24: =$E$5*F24*E24*D24 -> 400000
A27: 2 | B27: GASTOS INDIRECTOS. | J27: =J28+J32+J38+J40 -> 0.16016176
A28: 2.1 | B28: LEGALIZACION.
B29: Factor Multiplicador | G29: 1.3652 | K29: =J52 -> 0.3652
A32: 2.2 | B32: POLIZAS | I32: =SUM(H33:H37) -> 4202588.9 | J32: =+I32/$E$4 -> 0.0150172
B33: Cumplimiento | C33: % | D33: 0.0004 | F33: =+$E$4 -> 2.798517e+08 | G33: =+$G$29 -> 1.3652 | H33: =+F33*G33*D33 -> 152821.42 | J33: =+H33/$E$4 -> 0.00054608
B34: Estabilidad | C34: % | D34: 0.0056 | F34: =+$E$4 -> 2.798517e+08 | G34: =+$G$29 -> 1.3652 | H34: =+F34*G34*D34 -> 2139499.8 | J34: =+H34/$E$4 -> 0.00764512
B35: Seriedad de la Propuesta. | C35: % | D35: 0.0002 | F35: =+$E$4 -> 2.798517e+08 | G35: =+$G$29 -> 1.3652 | H35: =+F35*G35*D35 -> 76410.708 | J35: =+H35/$E$4 -> 0.00027304
B36: Pago de salarios, prestaciones sociales legales e indemnizaciones laborales | C36: % | D36: 0.0029 | F36: =+$E$4 -> 2.798517e+08 | G36: =+$G$29 -> 1.3652 | H36: =+F36*G36*D36 -> 1107955.3 | J36: =+H36/$E$4 -> 0.00395908
B37: Responsabilidad Civil | C37: % | D37: 0.0019 | F37: =+$E$4 -> 2.798517e+08 | G37: =+$G$29 -> 1.3652 | H37: =+F37*G37*D37 -> 725901.73 | J37: =+H37/$E$4 -> 0.00259388
A38: 2.3 | B38: VALLAS Y SEÑALIZACIÓN | I38: =SUM(H39:H39) -> 1000000 | J38: =+I38/$E$4 -> 0.0035733212
B39: Seguridad Industrial y Señalización preventiva | C39: Gb | D39: 1 | F39: 1000000 | H39: =+F39*D39 -> 1000000 | J39: =+H39/$E$4 -> 0.0035733212
A40: 2.4 | B40: IMPUESTOS Y VALORES AGREGADOS | I40: =SUM(H41:H48) -> 39618952 | J40: =+I40/$E$4 -> 0.14157124
B41: Contribución Especial (Seguridad Ciudadana) | C41: % | D41: 0.05 | F41: =+$E$4 -> 2.798517e+08 | G41: =+$G$29 -> 1.3652 | H41: =+D41*F41*G41 -> 19102677 | J41: =+H41/$E$4 -> 0.06826
B42: Estampillas para el bienestar del adulto mayor | C42: % | D42: 0.02 | F42: =+$E$4 -> 2.798517e+08 | G42: =+$G$29 -> 1.3652 | H42: =+D42*F42*G42 -> 7641070.8 | J42: =+H42/$E$4 -> 0.027304
B43: Estampilla pro cultura | C43: % | D43: 0.005 | F43: =+$E$4 -> 2.798517e+08 | G43: =+$G$29 -> 1.3652 | H43: =+D43*F43*G43 -> 1910267.7 | J43: =+H43/$E$4 -> 0.006826
B44: Tasa pro deporte y recreación | C44: % | D44: 0.005 | F44: =+$E$4 -> 2.798517e+08 | G44: =+$G$29 -> 1.3652 | H44: =+D44*F44*G44 -> 1910267.7 | J44: =+H44/$E$4 -> 0.006826
B45: Estampillas Pro - Universidades. | C45: % | D45: 0.01 | F45: =+$E$4 -> 2.798517e+08 | G45: =+$G$29 -> 1.3652 | H45: =+D45*F45*G45 -> 3820535.4 | J45: =+H45/$E$4 -> 0.013652
B46: Fiducia | C46: % | D46: 0.005 | F46: =+$E$4 -> 2.798517e+08 | G46: =+$G$29 -> 1.3652 | H46: =+D46*F46*G46 -> 1910267.7 | J46: =+H46/$E$4 -> 0.006826
B47: 4/1000 (transacciones financieras) | C47: % | D47: 0.005 | F47: =+$E$4 -> 2.798517e+08 | G47: =+$G$29 -> 1.3652 | H47: =+D47*F47*G47 -> 1910267.7 | J47: =+H47/$E$4 -> 0.006826
B48: Industria y Comercio 3,7 x 1.000 sobre valor total. | C48: % | D48: 0.0037 | F48: =+$E$4 -> 2.798517e+08 | G48: =+$G$29 -> 1.3652 | H48: =+D48*F48*G48 -> 1413598.1 | J48: =+H48/$E$4 -> 0.00505124
B49: TOTAL GASTOS INDIRECTOS DE ADMINISTRACION. | I49: =SUM(I10:I48) -> 85403589 | J49: =+ROUND((J9+J27),4) -> 0.3052
B50: IMPREVISTO: | J50: 0
B51: UTILIDAD (+ IVA).: | I51: 0.06 | J51: 0.06
B52: A.I.U. | J52: =SUM(J49+J50+J51) -> 0.3652

Sheet PROTOCOLO DE BIOSEGURIDAD
B2: PB-0000003 PROTOCOLO DE BIOSEGURIDAD COVID 19 | I2: EJEMPLOS
B3: DESCRIPCION | C3: ESPECIFICACION | D3: UNIDAD | E3: CANTIDAD | F3: VALOR UNITARIO | G3: VALOR TOTAL | P3: =+A.I.U!G29 -> 1.3652
B4: TAPABOCAS DESECHABLES | D4: UN | E4: 1 | F4: 1700 | G4: =+E4*F4 -> 1700
B5: JABON LIQUIDO | D5: LT | E5: 0.03 | F5: =7000 -> 7000 | G5: =+E5*F5 -> 210
B6: TOALLAS DE PAPEL | D6: UN | E6: 6 | F6: 50 | G6: =+E6*F6 -> 300
B7: GEL ANTIBACTERIAL | C7: Con alcohol mayor al 70% | D7: LT | E7: 0.01 | F7: 19850 | G7: =+E7*F7 -> 198.5
B8: DESINFECTANTE CON AMONIO | D8: LT | E8: 0.01 | F8: =7933 -> 7933 | G8: =+E8*F8 -> 79.33
B9: AGUA PARA LAVADO DE MANOS | D9: LT | E9: 22.2 | F9: =2.84 -> 2.84 | G9: =+E9*F9 -> 63.048
I10: =SUM(G4:G9) -> 2550.878 | J10: 24 | K10: =+J10*I10 -> 61221.072 | L10: 20 | M10: =+L10*K10*L12 -> 2448842.9
K12: MESES | L12: 2
B13: LAVAMANOS CON ACCESORIOS, GRIFERIA Y MANO DE OBRA DE INSTALACION | C13: Minimo 1 lavamanos por obra | D13: UN | E13: 1 | F13: 150000 | G13: =+E13*F13 -> 150000 | K13: =+G13 -> 150000 | L13: 1 | M13: =+L13*K13 -> 150000
B14: CANECAS DE PEDAL PARA RESIDUOS ORDINARIOS O BIOLOGICOS | C14: 1 por estacion de lavamanos | D14: UN | E14: =+E13 -> 1 | F14: 89859 | G14: =+E14*F14 -> 89859 | K14: =+G14 -> 89859 | L14: 1 | M14: =+L14*K14 -> 89859
B15: BOLSAS ROJAS | C15: 1 por estacion de lavamanos | D15: UN | E15: 24 | F15: 529.79 | G15: =+E15*F15 -> 12714.96 | K15: =+G15 -> 12714.96 | L15: 2 | M15: =+L15*K15 -> 25429.92
B16: FUMIGADORA PARA ASPERSION | C16: Incluye gasolina, desinfectante amonio cuaternario, agua y operario | D16: DIA | E16: 24 | F16: 12000 | G16: =+E16*F16 -> 288000 | K16: =+G16 -> 288000 | L16: 2 | M16: =+L16*K16 -> 576000
I17: =SUM(G13:G16) -> 540573.96 | K17: =+I17 -> 540573.96 | M17: =SUM(M13:M16) -> 841288.92 | N17: =ROUND(M17+M10,0) -> 3290132
B18: NOTA 1: PARA EL CASO DE OBRAS CONCENTRADAS SE DISPONDRA DE UN ESPACIO, ZONA O AREA PARA AISLAMIENTO
B19: NOTA 2: LOS PAGOS CORRESPONDIENTES AL PROTOCOLO DE BIOSEGURIDAD DEBEN SER SUSTENTADOS MEDIANTE FACTURAS, EN LAS QUE SE EVIDENCIEN LOS INSUMOS REALMENTE UTILIZADOS EN LA EJECUCIÓN DE LAS OBRAS
M20: CON AIU | N20: =ROUND(N17*P3,0) -> 4491688

Sheet PROPUESTA ECONOMICA
C3: Código | D3: CCE-EICP-FM-14 | E3: Versión | F3: 2
C4: FORMULARIO 1
C5: PROPUESTA ECONÓMICA
C6: [Los proponentes deben usar el presente formulario para determinar su propuesta económica conforme al Formulario 1 - Presupuesto Oficial publicado por la Entidad] [El presente formato aplica para los procesos de contratación que tengan como forma de pago precios unitarios, la Entidad debe ajustarlo cuando la modalidad de pago corresponde a: precio global, llave en mano, administración delegada, reembolso de gastos o cualquier otra forma de pago.]
C8: Cuando el proceso de contratación es estructurado por precios unitarios, la Entidad debe aplicar las notas 1, 2 y 3 del presente formato y las casillas de "Descripción", "Porcentaje" de la Administración, Imprevisto, Utilidad y total A.I.U. resaltadas en color amarillo.
C10: Nº | D10: ÍTEM DE PAGO | E10: ESPECIFICACIONES | G10: DESCRIPCIÓN | H10: UND. | I10: CANTIDAD | J10: VALOR UNITARIO | K10: VALOR TOTAL
E11: GENERAL | F11: PARTICULAR
C14: Subtotal
C20: Subtotal
C30: Subtotal
C35: Subtotal
C38: Subtotal
C39: SUBTOTAL OBRAS
G44: SUBTOTAL OBRAS (INCLUYE IVA)
G48: VALOR TOTAL
C51: NOTA 1: Se debe tener en cuenta que el PRECIO UNITARIO incluye el valor de A.I.U. | H51: DESCRIPCIÓN | K51: PORCENTAJE
C52: NOTA 2: Cuando la fracción decimal del peso sea igual o superior a 5 se aproximara por exceso al número entero siguiente del peso y cuando la fracción decimal del peso sea inferior a 5 se aproximará por defecto al número entero del peso. | H52: ADMINISTRACIÓN | J52: A= | K52: [Ofrecimiento del Proponente]
C53: NOTA 3: El A.I.U y su discriminación deben estar en porcentaje (%). | H53: IMPREVISTO | J53: I= | K53: [Ofrecimiento del Proponente]
C54: NOTA 4: [Excepcionalmente la Entidad podrá incluir esta nota con el fin de aclarar aspectos relacionados con ítems o descripciones de pago que tengan características particulares (por ejemplo, cuando se realicen a través de monto agotable o global), siempre que no contravengan lo establecido en los Documentos Tipo] | H54: UTILIDAD | J54: U= | K54: [Ofrecimiento del Proponente]
C55: NOTA 5: [Excepcionalmente la Entidad podrá incluir esta nota con el fin de aclarar aspectos relacionados con ítems o descripciones de pago que tengan características particulares (por ejemplo, cuando se realicen a través de monto agotable o global), siempre que no contravengan lo establecido en los Documentos Tipo] | H55: TOTAL A.I.U | J55: A.I.U.= | K55: [Ofrecimiento del Proponente]
C56: NOTA 6: [Excepcionalmente la Entidad podrá incluir esta nota con el fin de aclarar aspectos relacionados con ítems o descripciones de pago que tengan características particulares (por ejemplo, cuando se realicen a través de monto agotable o global), siempre que no contravengan lo establecido en los Documentos Tipo]
G58: Firma del Proponente o de su Representante Legal

Sheet INDICAR CÓDIGO DEL ITEM DE  (2
C3: Código | D3: CCE-EICP-FM-14 | E3: Versión | F3: 2
C5: [La entidad podrá utilizar este formato para la presentación de los análisis de precios unitarios del contratista en la oportunidad prevista en el numeral 8.1. del Documento Base]
D8: [NOMBRE DE LA ENTIDAD]
L9: VERSIÓN
D10: [NÚMERO DEL PROCESO]
L11: PÁGINA | M11: 1 | N11: DE | O11: 1
D13: ANALISIS DE PRECIOS UNITARIOS
L15: FECHA | M15: DD | N15: MM | O15: AA
C17: ÍTEMS DE LA PROPUESTA ECONÓMICA | I17: ÍTEMS NO PREVISTOS
C21: DATOS ESPECÍFICOS
C23: ÍTEM | D23: DESCRIPCIÓN | M23: UNIDAD | O23: CANTIDAD
C25: I. EQUIPO
C28: DESCRIPCIÓN | H28: MARCA | J28: TIPO | L28: TARIFA/HORA | M28: RENDIMIENTO | O28: Vr. UNITARIO
C32: SUBTOTAL $
C33: II. MATERIALES
C36: DESCRIPCIÓN | K36: UNIDAD | L36: CANTIDAD | M36: PRECIO UNIT. | O36: Vr. UNITARIO
C39: SUBTOTAL $ | O39: 0
C40: III. TRANSPORTES
C43: MATERIAL | J43: VOL. o PESO | K43: DISTANCIA | L43: M3 o Ton/Km | M43: TARIFA | O43: Vr. UNITARIO
C46: SUBTOTAL $
C47: IV. MANO DE OBRA
C50: TRABAJADOR | J50: JORNAL | K50: PRESTACIONES | L50: JORNAL TOTAL | M50: RENDIMIENTO | O50: Vr. UNITARIO
C55: SUBTOTAL $
C57: TOTAL COSTO DIRECTO $
C58: V. COSTOS INDIRECTOS
C61: Descripción | L61: Porcentaje | M61: Valor Total
C62: ADMINISTRACION
C63: IMPREVISTOS
C64: UTILIDAD
C65: SUBTOTAL $
C67: Precio Unitario Total Aproximado al peso $
H71: Firma
H72: Nombre:
H73: Representante Legal del Contratista o su Apoderado
H74: Matricula No. :
C76: OBSERVACIONES INTERVENTORÍA
C80: APROBACIÓN POR INTERVENTORÍA
C81: Nota 1: Cuando se trate de Análisis de precios unitarios correspondientes a ítems de la propuesta económica aprobada, el Interventor aprueba el desglose de los componentes manteniendo el mismo precio unitario de cada ítem, cumpliendo con las especificaciones de construcción vigentes para el proyecto.
C83: Nota 2: Cuando se trate de Análisis de precios unitarios de ítems no previstos, el Interventor aprueba el desglose y precio unitario de cada ítem no previsto, exigiendo la aplicación de los costos correspondientes a insumos y tarifas de la propuesta económica inicial cuando estén contemplados, cumpliendo con las especificaciones de construcción vigente para el proyecto.
H86: Firma
H87: Nombre:
H88: Representante Legal del Interventor o su Apoderado
H89: Matricula No. :
